 Dungeon Crawl Stone Soup version 0.18.1-48-g4cf74bf (webtiles) character file.

216 PossumBlood the Magician (level 5, -1/28 HPs)
             Began as a Deep Elf Wizard on Aug 17, 2016.
             Slain by Blork the orc
             ... wielding a cursed -3 trident
              (8 damage)
             ... on level 4 of the Dungeon.
             The game lasted 00:08:17 (3055 turns).

PossumBlood the Magician (Deep Elf Wizard)          Turns: 3055, Time: 00:08:17

Health: -1/28      AC:  3    Str:  4    XL:     5   Next: 61%
Magic:  16/25      EV: 12    Int: 24    God:
Gold:   62         SH:  0    Dex: 13    Spells: 5 memorised, 7 levels left

rFire  . . .     SeeInvis .     r - +2 quarterstaff (chaos)
rCold  + . .     Gourm    .     a - +0 robe
rNeg   . . .     Faith    .     (shield currently unavailable)
rPois  .         Spirit   .     b - +0 hat
rElec  .         Dismiss  .     q - +0 cloak
rCorr  .         Reflect  .     (no gloves)
SustAt .         Harm     .     (no boots)
MR     .....                    (no amulet)
Stlth  ++........               o - ring of magical power
                                f - ring of protection from cold

@: about to teleport, not resistant to hostile enchantments, unstealthy
A: no striking features
a: no special abilities


You were on level 4 of the Dungeon.
You were not hungry.

You visited 1 branch of the dungeon, and saw 4 of its levels.

You collected 62 gold pieces.

Inventory:

Hand Weapons
 n - a +0 short sword
 r - a +2 quarterstaff of chaos (weapon)
Armour
 a - a +0 robe (worn)
 b - a +0 hat (worn)
 q - a +0 cloak (worn)
 v - a +0 hat
Jewellery
 e - an uncursed amulet of harm {unknown}
 f - a ring of protection from cold (left hand)
 o - a ring of magical power (right hand)
Scrolls
 g - a scroll of teleportation
Potions
 m - 2 potions of haste
 t - 2 potions of berserk rage
Books
 c - a book of Minor Magic

   Spells                             Type                      Level
   a - Magic Dart                     Conjuration                  1
   b - Blink                          Translocation                2
   c - Call Imp                       Summoning                    2
   d - Repel Missiles                 Charms/Air                   2
   e - Slow                           Hexes                        2
   f - Conjure Flame                  Conjuration/Fire             3
   g - Mephitic Cloud                 Conjuration/Poison/Air       3
Comestibles
 d - 4 bread rations
 i - 4 beef jerkies


   Skills:
 - Level 2.4 Dodging
 - Level 2.4 Stealth
 + Level 6.7 Spellcasting
 + Level 4.5 Conjurations
   Level 1.1 Summonings
 - Level 1.1 Translocations


You had 7 spell levels left.
You knew the following spells:

 Your Spells              Type           Power        Failure   Level  Hunger
a - Magic Dart            Conj           ####         1%          1    None
b - Blink                 Tloc           N/A          10%         2    None
c - Repel Missiles        Chrm/Air       #.....       12%         2    None
d - Slow                  Hex            #.......     12%         2    None
e - Conjure Flame         Conj/Fire      ###.....     12%         3    None


Dungeon Overview and Level Annotations

Branches:
Dungeon (4/15)
 Temple: D:4-7

Altars:
Ashenzari

Annotations:
D:4 Blork the orc


Message History

Casting: Magic Dart
Confirm with . or Enter, or press ? or * to list all spells.
You don't know that spell.
Casting: Magic Dart
Confirm with . or Enter, or press ? or * to list all spells.
You can't see any susceptible monsters within range! (Use Z to cast anyway.)
Casting: Magic Dart
Confirm with . or Enter, or press ? or * to list all spells.
You don't know that spell.
Something hits you. Something hits you.
You see here a dented golden amulet.
e - a dented golden amulet Something hits you.
* * * LOW HITPOINT WARNING * * *
Your magical contamination has completely faded away.
Read which item? (? for menu, Esc to quit)
As you read the scroll of teleportation, it crumbles to dust.
You feel strangely unstable. Something hits you!
You die...

##+###### #
.###.......#.###.
.........@.......
...............%.
.#.#...{.........
........####.##..
......#<# ... .
......#..........
%.... ...........
......#...##.##.#
.. #.##### ..


There were no monsters in sight!

Vanquished Creatures
  Crazy Yiuf (D:2)
  3 gnolls (D:2)
  7 adders
  2 oozes
  3 worms (D:2)
  A dart slug (D:3)
  2 giant geckos (D:1)
  5 orcs (D:3)
  11 bats
  4 giant cockroaches
  6 goblins
  4 hobgoblins
  5 jackals (D:2)
  8 kobolds
  2 giant newts (D:1)
  8 rats
72 creatures vanquished.

Notes
Turn   | Place    | Note
--------------------------------------------------------------
     0 | D:1      | PossumBlood the Deep Elf Wizard began the quest for the Orb.
     0 | D:1      | Reached XP level 1. HP: 10/10 MP: 7/7
   225 | D:1      | Found a shattered altar of Ashenzari.
   232 | D:1      | Reached XP level 2. HP: 15/15 MP: 5/9
   720 | D:1      | Reached skill level 5 in Spellcasting
   856 | D:2      | Reached XP level 3. HP: 19/19 MP: 3/11
  1209 | D:2      | Reached XP level 4. HP: 24/24 MP: 8/13
  1344 | D:2      | Learned a level 2 spell: Blink
  1347 | D:2      | Learned a level 2 spell: Repel Missiles
  1350 | D:2      | Learned a level 2 spell: Slow
  1354 | D:2      | Learned a level 3 spell: Conjure Flame
  1920 | D:2      | Reached skill level 6 in Spellcasting
  2078 | D:2      | Reached XP level 5. HP: 19/28 MP: 15/15
  2315 | D:2      | Noticed Crazy Yiuf
  2326 | D:2      | Killed Crazy Yiuf
  3040 | D:4      | Noticed Blork the orc
  3055 | D:4      | Slain by Blork the orc

Skill      XL: |  1  2  3  4 |
---------------+-------------+-----
Conjurations   | 2 3 4 |  4.5
Spellcasting   | 5 6 |  6.7
Dodging        | |  2.4
Stealth        | |  2.4
Summonings     | |  1.1
Translocations | |  1.1

Action                   |  1- 3 |  4- 6 || total
-------------------------+-------+-------++-------
Melee: Unarmed           |    30 |       ||    30
 Cast: Magic Dart        |    66 |   128 ||   194
       Repel Missiles    |       |     1 ||     1
  Use: Scroll            |       |    11 ||    11
  Eat: Bread ration      |     1 |       ||     1
       Royal jelly       |       |     1 ||     1
Armor: Robe              |    17 |     3 ||    20
Dodge: Dodged            |    29 |    10 ||    39
       Deflected         |       |     1 ||     1
